 Dungeon Crawl Stone Soup version 0.28.0-53-g5a82cb258f (webtiles) character file.

Game seed: 657722551259553223

1333 Kranky the Fighter (level 8, -2/61 HPs)
             Began as an Octopode Fighter on June 20, 2022.
             Slain by a wyvern zombie (13 damage)
             ... on level 6 of the Dungeon.
             The game lasted 00:11:31 (5565 turns).

Kranky the Fighter (Octopode Fighter)               Turns: 5565, Time: 00:11:31

Health: -2/61      AC:  1    Str: 25    XL:     8   Next: 61%
Magic:  8/8        EV: 15    Int: 10    God:
Gold:   180        SH:  5    Dex: 13    Spells: 7/7 levels left

rFire   . . .      SeeInvis .   k - +4 mace "Aleson" {vorpal, Drain rC+ Str+3}
rCold   + . .      Faith    .   b - +0 buckler
rNeg    . . .      Spirit   .   (helmet restricted)
rPois   .          Reflect  .   (no amulet)
rElec   .          Harm     .   h - +6 ring of strength
rCorr   .          Rampage  .   (no ring)
Will    .....                   (no ring)
Stlth   +++.......              (no ring)
HPRegen 0.20/turn               (no ring)
MPRegen 0.11/turn               (no ring)
                                (no ring)
                                (no ring)

@: no status effects
A: almost no armour, amphibious, 8 rings, camouflage 1, gelatinous body 1,
(nimble swimmer 1), tentacles
a: no special abilities


You were on level 6 of the Dungeon.
You visited 1 branch of the dungeon, and saw 6 of its levels.

You collected 277 gold pieces.
You spent 97 gold pieces at shops.

Inventory:

Hand Weapons
 a - a +0 flail
 k - the +4 mace "Aleson" (weapon) {vorpal, Drain rC+ Str+3}
   (You found it on level 2 of the Dungeon)

   It inflicts extra damage upon your enemies.
   Str:       It affects your strength (+3).
   rC:        It protects you from cold.
   Drain:     It drains your maximum health when unequipped.
Missiles
 t - 6 poisoned darts (quivered)
Armour
 b - a +0 buckler (worn)
Jewellery
 h - a +6 ring of strength (left tentacle)
Scrolls
 d - 2 scrolls of identify
 e - a scroll of amnesia {unknown}
 g - 2 scrolls of brand weapon {unknown}
 l - 2 scrolls of immolation {unknown}
 m - 2 scrolls of noise {unknown}
 n - a scroll of blinking {unknown}
 p - 4 scrolls of magic mapping
 u - a scroll of torment {unknown}
 v - 2 scrolls of teleportation
 w - a scroll of enchant armour {unknown}
Potions
 c - 2 potions of might
 f - a potion of lignification
 i - 3 potions of haste
 j - 2 potions of curing
 o - 2 potions of flight
 q - a potion of attraction
 s - a potion of magic


   Skills:
 - Level 8.0 Fighting
 - Level 2.0 Maces & Flails
 - Level 6.0 Dodging
 - Level 3.0 Stealth
 + Level 5.1 Shields


You had 7 spell levels left.
You didn't know any spells.
Your spell library contained the following spells:

 Spells                   Type           Power      Damage    Failure   Level
 Freeze                   Ice            0%         1d3       43%         1
 Frozen Ramparts          Ice            0%         1d2       82%         3
 Hailstorm                Conj/Ice       0%         3d3       99%         4


Dungeon Overview and Level Annotations

Branches:
Dungeon (6/15)
 Temple: D:4-7

Altars:

Shops:
D:5 *=*:

Annotations:
D:2 1 runed translucent door, Crazy Yiuf
D:3 Sigmund


Innate Abilities, Weirdness & Mutations

You cannot wear most types of armour.
You are amphibious.
You can wear up to eight rings at the same time.
Your skin changes colour to match your surroundings (Stealth+).
Your rubbery body absorbs attacks. (AC +1, EV +1)
((You are camouflaged when in or above water. (Stealth+)))
You have tentacles for arms and can constrict up to eight enemies at once.


Message History

You block the water moccasin zombie's attack. x2
You hit the water moccasin zombie. You squeeze the water moccasin zombie.
You destroy the water moccasin zombie!
You block the bullfrog zombie's attack. The wyvern zombie bites you.
Training target 6.0 for Dodging reached!
Your Dodging skill increases to level 6!
Your Shields skill increases to level 5!
You hit the bullfrog zombie. You grab the bullfrog zombie.
The bullfrog zombie is lightly damaged.
You constrict the bullfrog zombie. The bullfrog zombie closely misses you.
The wyvern zombie bites you! The wyvern zombie closely misses you.
You block the bullfrog zombie's attack.
You hit the bullfrog zombie.
The bullfrog zombie is heavily damaged.
You constrict the bullfrog zombie. The bullfrog zombie hits you.
The wyvern zombie bites you! The bullfrog zombie hits you.
The wyvern zombie closely misses you.
You hit the bullfrog zombie. You squeeze the bullfrog zombie.
The bullfrog zombie is severely damaged.
You constrict the bullfrog zombie!
You destroy the bullfrog zombie!
The wyvern zombie closely misses you.
You hit the wyvern zombie.
The wyvern zombie is lightly damaged.
The wyvern zombie bites you! The wyvern zombie barely misses you.
You are too injured to fight recklessly!
You are too injured to fight recklessly!
You are too injured to fight recklessly!
You hit the wyvern zombie.
The wyvern zombie is moderately damaged.
The wyvern zombie bites you!
* * * LOW HITPOINT WARNING * * *
The wyvern zombie closely misses you.
You hit the wyvern zombie.
The wyvern zombie is moderately damaged.
The wyvern zombie bites you!
* * * LOW HITPOINT WARNING * * *
The wyvern zombie closely misses you.
You feel better. The wyvern zombie bites you!
You die...

#.# #### #<# ....### #.#
....... #.# ...≈≈≈.##
#.# ..≈≈§≈§Z# #.#
.P≈≈≈§§@# #.######
..≈.§§§§#########.......
...≈§§§§§........<..###.
...§....########.##.#8..
....§..........#.##.#...
/..§.§..######.#.##.....
........# ...#.#.##.....
#####.#.#..#.#.#.##.....
#.#.#...............


You could see a wyvern zombie.

Vanquished Creatures
  A water moccasin (D:6)
  A sky beast (D:6)
  A necrophage (D:5)
  4 ogres
  2 scorpions
  2 water moccasin zombies (D:6)
  A wyvern skeleton (D:6)
  A water moccasin skeleton (D:6)
  A bullfrog zombie (D:6)
  A centaur zombie (D:6)
  2 hounds
  A jelly (D:4)
  An iguana (D:5)
  Jessica (D:3)
  A howler monkey zombie (D:5)
  9 adders
  2 adder skeletons
  2 dart slugs (D:1)
  2 orcs (D:4)
  13 ball pythons
  9 bats
  2 endoplasms (D:2)
  3 giant cockroaches
  4 goblins
  12 hobgoblins
  5 jackals
  6 frilled lizards
  A kobold (D:1)
  8 rats
99 creatures vanquished.

Notes
Turn   | Place    | Note
-------+----------+-------------------------------------------
     0 | D:1      | Kranky the Octopode Fighter began the quest for the Orb.
     0 | D:1      | Reached XP level 1. HP: 16/16 MP: 1/1
    72 | D:1      | Reached skill level 1 in Stealth
   148 | D:1      | Reached XP level 2. HP: 21/21 MP: 2/2
   606 | D:1      | Reached XP level 3. HP: 26/26 MP: 3/3
   978 | D:2      | Reached skill level 4 in Fighting
  1110 | D:2      | Found a runed translucent door.
  1111 | D:2      | Identified the +4 mace "Aleson" {vorpal, Drain rC+ Str+3}
  1111 | D:2      | Noticed Crazy Yiuf
  1191 | D:2      | Reached XP level 4. HP: 33/33 MP: 4/4
  1228 | D:2      | Found a faded altar of an unknown god.
  1920 | D:3      | Noticed Sigmund
  2028 | D:3      | Noticed Jessica
  2034 | D:3      | Killed Jessica
  2284 | D:3      | Noticed a scorpion
  2293 | D:3      | Killed a scorpion
  2294 | D:3      | Reached XP level 5. HP: 32/38 MP: 5/5
  2480 | D:3      | Reached skill level 5 in Fighting
  2690 | D:3      | You fall into a shaft and drop 1 floor!
  2700 | D:4      | Reached XP level 6. HP: 44/45 MP: 6/6
  3952 | D:5      | Entered Level 5 of the Dungeon
  3952 | D:5      | Noticed a necrophage
  3952 | D:5      | Found Waddefru's Book Boutique.
  3956 | D:5      | Killed a necrophage
  3957 | D:5      | Reached skill level 6 in Fighting
  3957 | D:5      | Reached XP level 7. HP: 51/52 MP: 7/7
  4024 | D:5      | Found Puolyf Wied's General Store.
  4033 | D:5      | Found Veiffax's Jewellery Shoppe.
  4057 | D:5      | Found Setarey's Assorted Antiques.
  4753 | D:5      | Bought a scroll of magic mapping for 52 gold pieces
  4753 | D:5      | Bought a scroll of teleportation for 45 gold pieces
  4782 | D:6      | Reached skill level 7 in Fighting
  4782 | D:6      | Reached skill level 5 in Dodging
  4956 | D:6      | Reached XP level 8. HP: 47/60 MP: 8/8
  5550 | D:6      | Reached skill level 8 in Fighting
  5559 | D:6      | Reached skill level 5 in Shields
  5565 | D:6      | Slain by a wyvern zombie

Illustrated notes

Levels and vault maps discovered:
D:1:      amcnicky_arrival_underground_garden, layout_basic,
          minmay_misc_feat_tiny
D:2:      layout_basic, shapermc_ecumenical_altar_ellora,
          uniq_crazy_yiuf_cottage
D:3:      layout_basic, minmay_snake_closets, uniq_sigmund, uniq_jessica
D:4:      layout_loops_ring, grunt_decor_resistance, minmay_fountain_box
D:5:      layout_basic, serial_shops, nicolae_shop_stone, nicolae_diamond_shop,
          shop_fountains, nicolae_stop_n_shop_1, minmay_misc_feat_roman,
          hangedman_decor_peaks_small
D:6:      layout_basic, lemuel_temple_firewalk_b, serial_undead,
          serial_undead_a, serial_undead_f, serial_undead_e, serial_undead_d,
          serial_undead_c, serial_undead_c, serial_undead_f

Skill      XL: |  1  2  3  4  5  6  7  8 |
---------------+-------------------------+-----
Stealth        | 1 2 3 |  3.0
Fighting       | 4 5 6 7 8 |  8.0
Dodging        | 4 5 6 |  6.0
Shields        | 4 5 |  5.1
Maces & Flails | |  2.0

Action                   |  1- 3 |  4- 6 |  7- 9 || total
-------------------------+-------+-------+-------++-------
Melee: Flail             |    60 |       |       ||    60
       Constrict         |    14 |    13 |     5 ||    32
       Tentacles         |    13 |    12 |    11 ||    36
       Punch             |     1 |       |     2 ||     3
       Mace              |     2 |    58 |    56 ||   116
  Use: Scroll            |       |       |     7 ||     7
       Potion            |       |       |     2 ||     2
 Stab: Sleeping          |    15 |    15 |     5 ||    35
Armor: Skin              |     7 |       |     2 ||     9
Dodge: Dodged            |    30 |    27 |    32 ||    89
Block: Buckler           |    10 |     9 |    15 ||    34
